 Dungeon Crawl Stone Soup version 0.25-a0-289-g406d6369f5 (webtiles) character file.

Game seed: 11400461932419271389, levelgen mode: deterministic

65 Roikka the Magician (level 4, -3/24 HPs)
             Began as a Tengu Wizard on Dec 13, 2019.
             Slain by a gnoll
             ... wielding a +0 club
              (5 damage)
             ... on level 2 of the Dungeon.
             The game lasted 00:07:03 (1852 turns).

Roikka the Magician (Tengu Wizard)                  Turns: 1852, Time: 00:07:03

Health: -3/24      AC:  2    Str: 12    XL:     4   Next: 13%
Magic:  1/10       EV: 13    Int: 19    God:
Gold:   61         SH:  0    Dex: 13    Spells: 3/9 levels left

rFire    . . .     SeeInvis .   g - +0 dagger
rCold    . . .     Gourm    .   (no shield)
rNeg     . . .     Faith    .   a - +0 robe
rPois    .         Spirit   .   b - +0 hat
rElec    .         Reflect  .   (no cloak)
rCorr    .         Harm     .   (no gloves)
MR       .....                  (boots unavailable)
Stlth    ++........             (no amulet)
HPRegen  0.08/turn              (no ring)
MPRegen  0.12/turn              (no ring)

@: mighty
A: beak, talons 3
a: no special abilities


You were on level 2 of the Dungeon.
You were hungry.

You visited 1 branch of the dungeon, and saw 2 of its levels.

You collected 61 gold pieces.

Inventory:

Hand Weapons
 g - a +0 dagger (weapon)
Missiles
 f - 10 boomerangs (quivered)
Armour
 a - a +0 robe (worn)
 b - a +0 hat (worn)
Jewellery
 h - an uncursed ring of magical power {unknown}
Wands
 n - a wand of polymorph (11)
Scrolls
 e - 2 scrolls of identify {unknown}
Comestibles
 d - 2 rations
 l - a chunk of flesh


   Skills:
 + Level 3.0 Dodging
 - Level 2.0 Stealth
 + Level 3.4 Spellcasting
 * Level 3.4 Conjurations
 + Level 1.7 Summonings
   Level 0.7 Translocations


You had 3 spell levels left.
You knew the following spells:

 Your Spells              Type           Power        Failure   Level  Hunger
a - Magic Dart            Conj           ###.         3%          1    None
b - Call Imp              Summ           #.......     11%         2    ##.....
c - Mephitic Cloud        Conj/Pois/Air  #.......     26%         3    ###....

Your spell library contained the following spells:

 Spells                   Type           Power        Failure   Level  Hunger
 Blink                    Tloc           N/A          16%         2    ##.....
 Slow                     Hex            #.......     22%         2    ##.....
 Conjure Flame            Conj/Fire      #.......     22%         3    ###....


Dungeon Overview and Level Annotations

Branches:
Dungeon (2/15)

Altars:


Innate Abilities, Weirdness & Mutations

You have a beak for a mouth.
You have claws for feet.


Message History

Aim: a gnoll, wielding a +0 club (moderately wounded)
The magic dart hits the gnoll.
The gnoll is heavily wounded.
Casting: Magic Dart (safe; 3% risk of failure)
Confirm with . or Enter, or press ? or * to list all spells.
Aiming: Magic Dart (safe; 3% risk of failure)
Press: ? - help, Shift-Dir - straight line, f/p - gnoll
Aim: a gnoll, wielding a +0 club (moderately wounded)
The magic dart hits the gnoll.
The gnoll is heavily wounded.
The gnoll closely misses you.
Casting: Magic Dart (safe; 3% risk of failure)
Confirm with . or Enter, or press ? or * to list all spells.
Aiming: Magic Dart (safe; 3% risk of failure)
Press: ? - help, Shift-Dir - straight line, f/p - gnoll
Aim: a gnoll, wielding a +0 club (heavily wounded)
The magic dart hits the gnoll.
The gnoll is heavily wounded.
The gnoll hits you with a +0 club.
You die...

#........ ##
#..####.# #5#
#######..# ##
#.#####.).##.5.# ##
#.###...§gg5......#
..
#.#.#####g..##...# .
#...# #######..####
#...# #####.....#
#...# #@.(....... ..
##.## #g#†###...# ##
#.# #.#.# h### #.#
#)#.# # #.# #r#.# .
#.# #.#.# ... #.#
#5#g###..g.
#.########.#........
#...................


You could see a gnoll, a rat and a friendly crimson imp.

Vanquished Creatures
  2 gnolls (D:2)
  An adder (D:2)
  2 dart slugs (D:1)
  2 leopard geckos (D:1)
  2 bats
  A giant cockroach (D:2)
  4 goblins
  3 hobgoblins (D:1)
  3 jackals (D:1)
  A ball python (D:2)
  2 frilled lizards
  3 kobolds (D:1)
  6 rats (D:1)
32 creatures vanquished.

Vanquished Creatures (collateral kills)
  4 jackals (D:2)
4 creatures vanquished.

Grand Total: 36 creatures vanquished

Notes
Turn   | Place    | Note
-------+----------+-------------------------------------------
     0 | D:1      | Roikka the Tengu Wizard began the quest for the Orb.
     0 | D:1      | Reached XP level 1. HP: 10/10 MP: 5/5
   471 | D:1      | Reached XP level 2. HP: 15/15 MP: 0/7
   560 | D:1      | Learned a level 2 spell: Call Imp
  1013 | D:1      | Reached XP level 3. HP: 15/19 MP: 0/8
  1075 | D:1      | Learned a level 3 spell: Mephitic Cloud
  1806 | D:2      | Reached XP level 4. HP: 24/24 MP: 10/10
  1839 | D:2      | HP: 1/24 [gnoll/+0 club (7)]
  1852 | D:2      | Slain by a gnoll

Levels and vault maps discovered:
D:1:      erik_arrival_cave_to_civilisation [erik_arrival_cave_to_hall],
          layout_basic, serial_corexii_hall, corexii_hall_statues_deadend,
          chequers_hall_statues_corner_a
D:2:      layout_loops_ring, fedhas_altar_1,
          hangedman_abyss_or_decor_lesser_grid, minmay_pentomino_s4

Skill      XL: |  1  2  3  4 |
---------------+-------------+-----
Conjurations   | 2 3 |  3.4
Dodging        | 3 |  3.0
Stealth        | |  2.0
Spellcasting   | |  3.4
Summonings     | |  1.7
Translocations | |  0.7

Action                   |  1- 3 |  4- 6 || total
-------------------------+-------+-------++-------
Melee: Unarmed           |     7 |       ||     7
       Kick              |     2 |       ||     2
       Dagger            |     7 |     1 ||     8
       Peck              |     1 |     1 ||     2
 Cast: Magic Dart        |    72 |     7 ||    79
       Call Imp          |     4 |     4 ||     8
  Use: Potion            |     5 |       ||     5
  Eat: Chunk             |     2 |       ||     2
Armor: Robe              |     4 |       ||     4
Dodge: Dodged            |    31 |     2 ||    33

Table legend:
 A = Non-vault XP
 B = Vault XP
 C = Vault XP percentage of total XP
 D = Non-vault monster count
 E = Vault monster count
 F = Vault count percentage of total count
                 A         B        C        D         E       F
            +---------+---------+-------+---------+---------+-------
      Total |      85 |       8 |   8.6 |      32 |       4 |  11.1
            +---------+---------+-------+---------+---------+-------
        D:1 |      39 |       4 |   9.3 |      21 |       2 |   8.7
        D:2 |      46 |       4 |   8.0 |      11 |       2 |  15.4
            +---------+---------+-------+---------+---------+-------
